 Dungeon Crawl Stone Soup version 0.29-a0-194-g6e3aafee17 (webtiles) character file.

Game seed: 286940466349995993

227867 drugrobin the Phalangite (level 18, -17/228 (232) HPs)
             Began as a Demigod Warper on Feb 22, 2022.
             Demolished by a deep elf blademaster
             ... wielding a +0 short sword
              (19 damage)
             ... on level 2 of the Elven Halls.
             The game lasted 05:08:00 (51517 turns).

drugrobin the Phalangite (Demigod Warper)          Turns: 51517, Time: 05:08:00

HP:   -17/228 (232) AC: 33    Str: 26    XL:     18   Next: 4%
MP:   25/25         EV:  9    Int: 23    God:
Gold: 2554          SH:  0    Dex: 17    Spells: 4/21 levels left

rFire   + . .      SeeInvis .   a - +5 bardiche
rCold   . . .      Faith    .   (shield currently unavailable)
rNeg    + + +      Spirit   .   Q - +8 plate armour of Resourcefulness {rElec rF+ Str-2}
rPois   .          Reflect  .   v - +2 helmet
rElec   +          Harm     .   k - scarf {repulsion}
rCorr   +          Rampage  .   r - +2 pair of gloves {Stlth+}
Will    +++..                   d - +2 pair of boots of the Thirsty Spirits {rN+ Dex+8}
Stlth   ..........              c - amulet of Trepidation {Will+ Regen+}
HPRegen 1.28/turn               l - ring of wizardry
MPRegen 0.19/turn               e - ring "Kothruax" {+Blink rN+++ Will+ rCorr Dex-4}

@: berserking (expiring), studying Ice Magic, lightly drained, repel missiles,
very quick
A: high MP 1, forlorn, divine attributes
}: 1/15 runes: decaying
a: Evoke Blink


You were on level 2 of the Elven Halls.
You visited 6 branches of the dungeon, and saw 34 of its levels.
You visited the Abyss 1 time.
You also visited: Ice Cave and Volcano.

You collected 4578 gold pieces.
You spent 2024 gold pieces at shops.

Inventory:

Hand Weapons
 a - a +5 bardiche (weapon)
 b - the +2 hunting sling "Muxyheitz" {venom, rF+ Dex+2}
   (You found it on level 10 of the Dungeon)

   Any ammunition fired from it poisons the flesh of those it strikes.
   Dex:       It affects your dexterity (+2).
   rF:        It protects you from fire.
 t - a +0 broad axe of flaming
Missiles
 m - a javelin (quivered)
 B - 2 throwing nets
 T - 10 curare-tipped darts
Armour
 d - the +2 pair of boots of the Thirsty Spirits (worn) {rN+ Dex+8}
   (You found it on level 13 of the Dungeon)

   Dex:       It affects your dexterity (+8).
   rN:        It protects you from negative energy.
 h - a scarf of invisibility
 k - a scarf of repulsion (worn)
 r - a +2 pair of gloves of stealth (worn)
 v - a +2 helmet (worn)
 G - a +2 cloak of fire resistance
 Q - the +8 plate armour of Resourcefulness (worn) {rElec rF+ Str-2}
   (You found it on level 8 of the Dungeon)

   Str:       It affects your strength (-2).
   rF:        It protects you from fire.
   rElec:     It insulates you from electricity.
Jewellery
 c - the amulet of Trepidation (around neck) {Will+ Regen+}
   (You bought it in a shop on level 1 of the Snake Pit)

   [amulet of regeneration]

   Regen:     It increases your rate of health regeneration.
   Will:      It increases your willpower.
 e - the ring "Kothruax" (right hand) {+Blink rN+++ Will+ rCorr Dex-4}
   (You acquired it in an ice cave)

   [ring of willpower]

   Dex:       It affects your dexterity (-4).
   rN:        It renders you almost immune to negative energy.
   +Blink:    It lets you blink.
   rCorr:     It protects you from acid and corrosion.
   Will:      It increases your willpower.
 g - a ring of ice
 l - a ring of wizardry (left hand)
 w - a ring of protection from fire
 F - a ring of poison resistance
 K - a ring of see invisible
 Y - a +4 ring of protection
Wands
 f - a wand of mindburst (13)
 i - a wand of acid (28)
 q - a wand of digging (1)
 z - a wand of charming (4)
 O - a wand of iceblast (8)
 P - a wand of flame (38)
 S - a wand of paralysis (19)
 U - a wand of polymorph (3)
Scrolls
 j - 3 scrolls of magic mapping
 o - 12 scrolls of teleportation
 s - 5 scrolls of amnesia
 y - 2 scrolls of blinking
 H - 9 scrolls of enchant armour
 I - a scroll of fear
 L - a scroll of fog
 X - 2 scrolls of summoning
Potions
 n - 4 potions of haste
 p - a potion of heal wounds
 u - 2 potions of ambrosia
 x - 4 potions of resistance
 A - 11 potions of lignification
 D - a potion of cancellation
 E - 18 potions of curing
 J - 4 potions of might
 M - 5 potions of magic
 V - 3 potions of invisibility
Miscellaneous
 R - a lightning rod (4/4)
 W - a piece from Xom's chessboard (14/15)


   Skills:
 + Level 12.5 Fighting
 * Level 21.7 Polearms
 - Level 0.8 Throwing
 - Level 11.0 Armour
 - Level 4.0 Dodging
 - Level 2.0 Stealth
 + Level 2.0 Spellcasting
 + Level 12.5 Translocations
 + Level 11.5 Evocations


You had 4 spell levels left.
You knew the following spells:

 Your Spells              Type           Power      Damage    Failure   Level
a - Blink                 Tloc           100%       N/A       1%          2
b - Teleport Other        Tloc           57%        N/A       1%          3
c - Manifold Assault      Tloc           57%        N/A       8%          5
d - Gell's Gravitas       Tloc           57%        N/A       1%          3
e - Lesser Beckoning      Tloc           57%        N/A       1%          3
q - Apportation           Tloc           100%       N/A       1%          1

Your spell library contained the following spells:

 Spells                   Type           Power      Damage    Failure   Level
 Portal Projectile        Hex/Tloc       62%        N/A       11%         3
 Animate Skeleton         Necr           4%         N/A       41%         1
 Magic Dart               Conj           8%         1d3       41%         1
 Sandblast                Erth           4%         2d4       41%         1
 Summon Small Mammal      Summ           8%         N/A       41%         1
 Call Imp                 Summ           2%         N/A       52%         2
 Passwall                 Tmut/Erth      1%         N/A       52%         2
 Sublimation of Blood     Necr           2%         N/A       52%         2
 Wereblood                Tmut           2%         N/A       52%         2
 Call Canine Familiar     Summ           2%         N/A       77%         3
 Inner Flame              Hex/Fire       2%         N/A       77%         3
 Mephitic Cloud           Conj/Pois/Air  2%         N/A       77%         3
 Ozocubu's Armour         Ice            2%         N/A       77%         3
 Stone Arrow              Conj/Erth      4%         3d7       77%         3
 Anguish                  Hex/Necr       1%         N/A       98%         4
 Animate Dead             Necr           1%         N/A       98%         4
 Cause Fear               Hex            1%         N/A       98%         4
 Dispel Undead            Necr           2%         3d7       98%         4
 Leda's Liquefaction      Hex/Erth       1%         N/A       98%         4
 Dispersal                Tloc           28%        N/A       36%         6
 Blade Hands              Tmut           1%         N/A       100%        5
 Borgnjor's Vile Clutch   Necr/Erth      1%         N/A       100%        5
 Excruciating Wounds      Necr           1%         N/A       100%        5
 Metabolic Englaciation   Hex/Ice        1%         N/A       100%        5
 Death Channel            Necr           1%         N/A       100%        6
 Simulacrum               Ice/Necr       1%         N/A       100%        6
 Haunt                    Necr/Summ      1%         N/A       100%        7
 Summon Hydra             Summ           1%         N/A       100%        7
 Discord                  Hex            1%         N/A       100%        8
 Shatter                  Erth           1%         3d5*      100%        9


Dungeon Overview and Level Annotations

Branches:
Dungeon (15/15)            Temple (0/1) D:6            Lair (6/6) D:9
  Swamp (4/4) Lair:3        Snake (4/4) Lair:3        Slime (0/5) Lair:6
    Orc (2/2) D:9             Elf (3/3) Orc:2         IceCv (visited)
Volcano (visited)
 Vaults: D:13-14     Depths: D:15

Shops:
Orc:2 [[(=   Elf:1 *   Elf:2 [[   Elf:3 !   Snake:1 =[[   Snake:3 [

Annotations:
D:3 Jessica; Natasha
D:5 Sigmund
D:10 exclusion: orange crystal statue
D:11 1 runed translucent door
D:12 2 runed translucent doors
D:14 Agnes, Nessos
D:15 Rupert
Lair:6 4 exclusions
Snake:4 Vashnia
Elf:2 1 runed translucent door


Innate Abilities, Weirdness & Mutations

You have an increased reservoir of magic. (+10% MP)
You shall have no god before yourself.
Your divine heritage dramatically boosts your attributes as you level up.


Message History

* * * LOW HITPOINT WARNING * * *
You miss the deep elf blademaster.
The deep elf blademaster is heavily wounded.
The deep elf blademaster hits you with a +0 short sword!
* * * LOW HITPOINT WARNING * * *
The deep elf blademaster barely misses you.
You completely miss the deep elf blademaster.
The deep elf blademaster is heavily wounded.
The deep elf blademaster hits you but does no damage. x2
You barely miss the deep elf blademaster.
The deep elf blademaster is moderately wounded.
The deep elf blademaster hits you with a +0 short sword.
* * * LOW HITPOINT WARNING * * *
The deep elf blademaster hits you but does no damage.
You closely miss the deep elf blademaster.
The deep elf blademaster is moderately wounded.
You barely miss the deep elf blademaster.
The deep elf blademaster is moderately wounded.
The deep elf blademaster hits you with a +0 short sword!!
* * * LOW HITPOINT WARNING * * *
The deep elf blademaster hits you with a +0 short sword!
* * * LOW HITPOINT WARNING * * *
Unknown command.
You barely miss the deep elf blademaster.
The deep elf blademaster is moderately wounded.
The deep elf blademaster completely misses you.
The deep elf blademaster hits you but does no damage.
Unknown command.
Unknown command.
You are too berserk!
You completely miss the deep elf blademaster.
The deep elf blademaster is moderately wounded.
The deep elf blademaster hits you but does no damage.
The deep elf blademaster hits you with a +0 short sword!
* * * LOW HITPOINT WARNING * * *
Unknown command.
You barely miss the deep elf blademaster.
The deep elf blademaster is moderately wounded.
The deep elf blademaster hits you with a +0 short sword!!
You die...

#)##.#.###.###..#...#..#
#.#.#.##..'......#.#..'##
#..#........###...∩.....#
##.#.#...[...>##..#.#.....
##...##.........#.#...#....
#.#.###.................[..
##.)..'...................)
##)###....e...........<...
#)# #...@................
#<# ##...................
#.# #'##........).#.....
#)# #.##................
#.####.##................
#.#.....'................
#....(.##................
##.#######...............
#.# ##..............


You could see a deep elf blademaster.

Vanquished Creatures
  A deep elf blademaster (Elf:2)
  A thorn hunter (Swamp:3)
  Kirke (Lair:6)
  A fenstrider witch (Swamp:2)
  A nagaraja (Snake:2)
  A frost giant (IceCv)
  A deep elf elementalist (Elf:3)
  Azrael (Orc:2)
  4 deep elf demonologists
  A deep elf annihilator (Elf:3)
  2 bunyips
  4 eleionomae
  An ettin (Orc:2)
  A deep elf death mage (Elf:1)
  3 fire dragons (Swamp:4)
  3 shambling mangroves
  5 naga warriors
  Fannar (Lair:2)
  22 hydras
  Harold (D:11)
  4 boulder beetles
  2 catoblepae
  4 centaur warriors
  9 anacondas
  2 ghost crabs
  2 ogre magi
  10 two-headed ogres
  Erica (D:9)
  2 alligator snapping turtles (Snake:1)
  6 alligators
  25 dancing weapons
  13 death yaks
  A tengu warrior (D:13)
  8 orc high priests
  A spriggan berserker (Swamp:2)
  10 naga sharpshooters
  Urug (Lair:3)
  3 shock serpents
  9 deep elf knights
  Sonja (Lair:2)
  A hell knight (Volcano)
  A skeletal warrior (D:13)
  9 goliath frogs
  6 naga ritualists
  A sea snake (Snake:2)
  2 salamander mystics (Snake:2)
  2 spriggan druids
  14 swamp dragons
  A death drake (shapeshifter) (D:13)
  8 deep elf archers
  6 lindwurms
  2 bog bodies (Swamp:1)
  A wizard (D:15)
  12 deep elf zephyrmancers
  2 orc knights
  23 deep elf pyromancers
  A necromancer (Elf:1)
  8 mana vipers
  An orc sorcerer (Orc:2)
  3 manticores
  9 ugly things
  5 will-o-the-wisps
  5 salamanders
  7 cyclopes
  An apocalypse crab (Abyss:3)
  4 guardian serpents (Snake:2)
  The ghost of dr0g0th the Covered, a novice GrFi of Okawaru (D:4)
  40 black mambas
  2 molten gargoyles (Volcano)
  A torpor snail (Lair:6)
  2 elephants (Lair:6)
  A cane toad (shapeshifter) (Elf:3)
  An ice statue (IceCv)
  A smoke demon (Volcano)
  14 naga magi
  3 gargoyles
  16 cane toads
  2 unseen horrors
  A kobold demonologist (D:10)
  A yaktaur (shapeshifter) (D:13)
  2 efreet (D:14)
  9 komodo dragons
  5 rime drakes
  Maggie (D:10)
  2 tengu conjurers (D:13)
  2 ice devils (Lair:1)
  5 trolls
  A bloated husk (Swamp:3)
  A meliai (D:13)
  8 polar bears
  13 tyrant leeches
  A tarantella (shapeshifter) (D:14)
  10 slime creatures
  A snapping turtle (Snake:2)
  12 hornets
  2 dream sheep (Lair:6)
  25 blink frogs
  A jumping spider (shapeshifter) (D:14)
  4 shadows
  A starcursed mass (Abyss:3)
  2 wraiths
  4 air elementals
  3 water elementals
  7 spriggans
  4 wyverns
  A spriggan (shapeshifter) (D:13)
  A human (shapeshifter) (Elf:2)
  58 yaks
  8 fire elementals
  4 fire bats
  4 basilisks
  4 steam dragons
  3 hogs (Lair:6)
  24 nagas
  13 vampire mosquitoes
  12 wargs
  13 swamp worms
  An acid dragon (D:13)
  13 water moccasins
  3 hell hounds
  2 large abominations (Elf:1)
  A small abomination (Abyss:3)
  A sky beast (D:7)
  A black bear (shapeshifter) (D:14)
  26 orc warriors
  9 swamp drakes (Swamp:4)
  A necrophage (D:5)
  40 wolves
  13 ogres
  4 centaurs
  2 kobold brigands
  A phantom (D:7)
  2 elf zombies (Elf:1)
  9 bullfrogs
  3 earth elementals
  2 gnoll sergeants
  4 scorpions
  2 water moccasin skeletons (D:5)
  5 howler monkeys
  6 lava snakes (Volcano)
  6 electric eels (D:13)
  5 centaur zombies
  33 orc priests
  A quasit (Abyss:3)
  A centaur skeleton (D:7)
  A jelly (D:5)
  3 gnoll shamans
  4 iguanas
  30 orc wizards
  19 hell rats
  2 howler monkey zombies (D:8)
  7 adders
  22 gnolls
  A howler monkey skeleton (D:5)
  17 river rats (Lair:1)
  A shadow imp (D:7)
  2 white imps
  82 orcs
  4 endoplasms
  2 giant cockroaches
  5 goblins
  7 hobgoblins
  3 jackals (D:4)
  8 kobolds
  8 quokkas
  3 ball pythons
  4 bats
  3 frilled lizards (D:2)
  16 rats
1113 creatures vanquished.

Vanquished Creatures (collateral kills)
  A bullfrog (Lair:5)
1 creature vanquished.

Vanquished Creatures (others)
  A lindwurm (Swamp:4)
  A hornet (Swamp:3)
  A spriggan (shapeshifter) (D:13)
  2 steam dragons (Swamp:4)
  An elf zombie (Elf:1)
  A kobold (D:7)
  21 foxfires
  22 fungi
  A lurking horror (Abyss:3)
  74 plants
  6 starspawn tentacles (Abyss:3)
  A withered plant (D:15)
132 creatures vanquished.

Grand Total: 1246 creatures vanquished

Notes
Turn   | Place    | Note
-------+----------+-------------------------------------------
     0 | D:1      | drugrobin the Demigod Warper began the quest for the Orb.
     0 | D:1      | Reached XP level 1. HP: 17/17 MP: 5/5
   326 | D:1      | Reached skill level 2 in Polearms
  1136 | D:2      | Reached XP level 2. HP: 23/24 MP: 7/7
  1143 | D:2      | Identified the +1 robe "Qyocipacia" {Dex+6}
  1464 | D:2      | Reached skill level 3 in Polearms
  1628 | D:2      | Learned a level 2 spell: Blink
  1680 | D:2      | Reached XP level 3. HP: 24/28 MP: 8/8
  2051 | D:2      | Learned a level 3 spell: Teleport Other
  2886 | D:3      | Noticed Natasha
  2924 | D:3      | Noticed Jessica
  2939 | D:3      | Reached skill level 4 in Polearms
  3276 | D:4      | Reached XP level 4. HP: 36/36 MP: 9/9
  3525 | D:4      | Identified the +4 great mace "Dragonbane" {protect, Fly rN+
                  | Str+4 Stlth-}
  3525 | D:4      | Noticed an ogre
  3526 | D:4      | Noticed an ogre
  3526 | D:4      | Noticed dr0g0th's ghost (novice GrFi)
  3527 | D:4      | Found a transporter.
  3527 | D:4      | Found a transporter.
  3528 | D:4      | Noticed a phantom
  3575 | D:4      | Noticed an ogre
  4050 | D:5      | Entered Level 5 of the Dungeon
  4059 | D:5      | Reached skill level 1 in Stealth
  4072 | D:5      | Learned a level 1 spell: Summon Small Mammal
  4390 | D:5      | Reached XP level 5. HP: 41/41 MP: 10/10
  4477 | D:5      | Noticed Sigmund
  5068 | D:5      | Reached skill level 5 in Polearms
  5077 | D:5      | Reached XP level 6. HP: 46/48 MP: 11/11
  5365 | D:6      | Found a staircase to the Ecumenical Temple.
  5409 | D:6      | Noticed a steam dragon
  5501 | D:6      | Reached skill level 6 in Polearms
  5842 | D:6      | Reached XP level 7. HP: 36/53 MP: 12/12
  6015 | D:7      | Noticed a steam dragon
  6081 | D:7      | Reached skill level 7 in Polearms
  6379 | D:7      | Killed a steam dragon
  6380 | D:7      | Reached skill level 8 in Polearms
  6433 | D:7      | Reached XP level 8. HP: 61/61 MP: 13/13
  6919 | D:4      | Killed dr0g0th's ghost
  6920 | D:4      | Reached skill level 9 in Polearms
  7413 | D:8      | Reached skill level 10 in Polearms
  7492 | D:8      | Noticed a two-headed ogre
  8137 | D:8      | Identified the +8 plate armour of Resourcefulness {rElec
                  | rF+ Str-2}
  8262 | D:8      | Reached skill level 1 in Armour
  8375 | D:9      | Noticed Erica
  8509 | D:9      | Killed Erica
  8510 | D:9      | Reached skill level 11 in Polearms
  8510 | D:9      | Reached XP level 9. HP: 43/67 MP: 14/14
  8879 | D:9      | Noticed a two-headed ogre
  8896 | D:9      | Killed a two-headed ogre
  8897 | D:9      | Reached skill level 1 in Evocations
  9000 | D:9      | Found a staircase to the Lair.
  9017 | D:9      | Found a staircase to the Orcish Mines.
  9242 | D:9      | Noticed a two-headed ogre
  9248 | D:9      | Learned a level 1 spell: Apportation
  9275 | D:9      | Killed a two-headed ogre
  9315 | D:9      | Reached XP level 10. HP: 73/73 MP: 15/15
  9700 | D:10     | Entered Level 10 of the Dungeon
  9700 | D:10     | Found Divourgh's Distillery.
  9740 | D:10     | Reached skill level 12 in Polearms
  9746 | D:10     | Bought a potion of ambrosia for 104 gold pieces
  9746 | D:10     | Bought a potion of heal wounds for 65 gold pieces
  9746 | D:10     | Bought 2 potions of curing for 78 gold pieces
  9746 | D:10     | Bought a potion of berserk rage for 65 gold pieces
  9746 | D:10     | Bought a potion of invisibility for 104 gold pieces
  9746 | D:10     | Bought a potion of lignification for 39 gold pieces
  9795 | D:10     | Identified the +2 hunting sling "Muxyheitz" {venom, rF+
                  | Dex+2} (You found it on level 10 of the Dungeon)
 10185 | D:9      | Reached skill level 5 in Armour
 10337 | D:9      | Reached skill level 5 in Translocations
 11264 | D:10     | Noticed an orange crystal statue
 11283 | D:10     | Noticed Maggie
 11308 | D:10     | Killed Maggie
 11545 | D:10     | Bought 2 potions of curing for 78 gold pieces
 11545 | D:10     | Bought a potion of curing for 39 gold pieces
 11550 | D:11     | Noticed Harold
 11632 | D:11     | Noticed an eight-headed hydra
 11667 | D:10     | Killed an eight-headed hydra
 11668 | D:10     | Reached XP level 11. HP: 26/84 MP: 17/17
 11786 | D:11     | Paralysed by Harold for 6 turns
 11922 | D:11     | Killed Harold
 11923 | D:11     | Reached skill level 5 in Evocations
 11952 | D:11     | Noticed a centaur warrior
 11973 | D:11     | Killed a centaur warrior
 12144 | D:11     | Identified the +1 scale mail of Soft Rains {Harm rF+}
 12261 | D:11     | Found a runed translucent door.
 12270 | D:11     | Noticed a fire crab
 12303 | D:11     | Noticed a two-headed ogre
 12319 | D:11     | Killed a two-headed ogre
 12320 | D:11     | Noticed an ogre mage
 12320 | D:11     | Noticed a two-headed ogre
 12356 | D:10     | Killed a two-headed ogre
 12357 | D:10     | Reached skill level 5 in Fighting
 12404 | D:11     | Noticed a two-headed ogre
 12464 | D:11     | Noticed a two-headed ogre
 12492 | D:11     | Killed a two-headed ogre
 12493 | D:11     | Reached skill level 13 in Polearms
 12561 | D:11     | Noticed an ogre mage
 12788 | D:10     | Killed a two-headed ogre
 13251 | D:12     | Reached XP level 12. HP: 63/94 MP: 18/18
 13296 | D:12     | Found a runed translucent door.
 13297 | D:12     | Noticed an ice dragon
 13316 | D:12     | Noticed an ice dragon
 13336 | D:12     | Noticed Rupert
 13336 | D:12     | Paralysed by Rupert for 3 turns
 13538 | D:12     | Learned a level 3 spell: Gell's Gravitas
 13748 | D:12     | Found the +2 shield of Resistance {rF++ rC++ Will++}
 13748 | D:12     | Noticed a fire dragon
 13749 | D:12     | Noticed a fire dragon
 13750 | D:12     | Found a runed translucent door.
 13954 | D:13     | Noticed a centaur warrior
 13958 | D:13     | Noticed a four-headed hydra
 13965 | D:13     | Killed a centaur warrior
 14006 | D:12     | Killed a four-headed hydra
 14294 | D:13     | Noticed a boulder beetle
 14388 | D:14     | Noticed Agnes
 14460 | D:12     | Killed a boulder beetle
 14949 | D:13     | Reached skill level 14 in Polearms
 14991 | D:13     | Noticed a boulder beetle
 15045 | D:13     | Killed a boulder beetle
 15104 | D:13     | Noticed a catoblepas
 15208 | D:13     | Killed a catoblepas
 15607 | D:13     | Noticed an eight-headed hydra
 15607 | D:13     | Noticed a centaur warrior
 15758 | D:12     | Killed an eight-headed hydra
 15840 | D:13     | Killed a centaur warrior
 16005 | D:13     | Noticed a fire dragon
 16138 | D:13     | Cast into level 3 of the Abyss (a wizard)
 16156 | Abyss:3  | Noticed a tentacled starspawn
 16270 | Abyss:3  | Noticed a starcursed mass
 16291 | Abyss:3  | Paralysed by you for 7 turns
 16313 | Abyss:3  | Paralysed by accursed screaming for 2 turns
 16391 | Abyss:3  | Noticed a tentacled starspawn
 16433 | Abyss:3  | Noticed a blizzard demon
 16449 | Abyss:3  | Noticed a green death
 16505 | D:13     | Escaped the Abyss
 16561 | D:13     | Noticed a boulder beetle
 16632 | Lair:1   | Entered Level 1 of the Lair of Beasts
 16665 | Lair:1   | Found a frozen archway.
 16756 | IceCv    | Entered an ice cave
 16835 | IceCv    | Learned a level 3 spell: Lesser Beckoning
 16948 | IceCv    | Reached skill level 15 in Polearms
 17227 | IceCv    | Reached XP level 13. HP: 103/103 MP: 19/19
 17685 | IceCv    | Noticed a frost giant
 17723 | IceCv    | Killed a frost giant
 17724 | IceCv    | Reached skill level 16 in Polearms
 17906 | IceCv    | Identified the +2 cloak "Tottei" {Harm}
 17910 | IceCv    | Identified a scroll of acquirement
 17910 | IceCv    | Acquired the ring "Kothruax" {+Blink rN+++ Will+ rCorr
                  | Dex-4}
 19679 | Lair:2   | Noticed Sonja
 19693 | Lair:2   | Killed Sonja
 20241 | Lair:3   | Noticed Fannar
 20286 | Lair:2   | Killed Fannar
 20531 | Lair:3   | Found a staircase to the Swamp.
 20581 | Lair:3   | Noticed Urug
 20607 | Lair:3   | Killed Urug
 20830 | Lair:3   | Reached skill level 17 in Polearms
 20835 | Lair:3   | Found a staircase to the Snake Pit.
 21606 | Lair:4   | Reached XP level 14. HP: 107/113 MP: 20/20
 21792 | Lair:4   | Got the Compendium of the Creative Mountains
 23399 | Lair:6   | Entered Level 6 of the Lair of Beasts
 23502 | Lair:6   | Found a dark tunnel.
 23522 | Volcano  | Entered a volcano
 24374 | Lair:6   | Found a staircase to the Slime Pits.
 24539 | Lair:6   | Noticed Kirke
 24557 | Lair:6   | Killed Kirke
 24825 | Lair:6   | Identified the ring of Bydad {Fire Int+2}
 25317 | Lair:6   | Reached skill level 18 in Polearms
 25395 | Lair:6   | Identified the ring of Leifocve {*Slow rF+ rCorr Dex+6
                  | Slay+6}
 25575 | Orc:1    | Entered Level 1 of the Orcish Mines
 25894 | Orc:2    | Entered Level 2 of the Orcish Mines
 27348 | Orc:2    | Reached XP level 15. HP: 120/123 MP: 21/21
 27354 | Orc:2    | Learned a level 5 spell: Manifold Assault
 27355 | Orc:2    | Noticed Azrael
 27587 | Orc:2    | Killed Azrael
 28615 | Orc:2    | Found Xaismitt's Antique Armour Boutique.
 28615 | Orc:2    | Found Juach's Antique Armour Emporium.
 28631 | Orc:2    | Bought a pair of runed gloves for 187 gold pieces
 29361 | Orc:2    | Found Xuesh's Weapon Boutique.
 29361 | Orc:2    | Found Pekkileh's Jewellery Emporium.
 29367 | Orc:2    | Bought a ring of see invisible for 195 gold pieces
 29422 | Orc:2    | Found a staircase to the Elven Halls.
 29941 | D:14     | Reached skill level 10 in Translocations
 30224 | D:13     | Identified the ring "Beuzoic" {rPois rC+ Dex+10 Slay-2}
 30393 | D:13     | Identified the +2 pair of boots of the Thirsty Spirits {rN+
                  | Dex+8}
 30504 | D:14     | Noticed Nessos
 30546 | D:15     | Entered Level 15 of the Dungeon
 30826 | Snake:1  | Entered Level 1 of the Snake Pit
 31229 | Snake:1  | Found Ystaqaw's Jewellery Boutique.
 31231 | Snake:1  | Found Xeosam's Armour Shop.
 31234 | Snake:1  | Found Wath's Armour Boutique.
 31253 | Snake:1  | Bought the amulet of Trepidation {Will+ Regen+} for 766
                  | gold pieces
 31689 | Snake:1  | Reached skill level 19 in Polearms
 32031 | Snake:1  | Reached skill level 10 in Evocations
 34226 | Snake:2  | Reached skill level 10 in Fighting
 35392 | Snake:2  | Reached XP level 16. HP: 105/134 MP: 16/22
 36519 | Snake:2  | You fall into a shaft and drop 1 floor!
 38285 | Snake:3  | Found Nupreet's Antique Armour Shoppe.
 38864 | Snake:3  | Reached skill level 20 in Polearms
 39429 | Snake:4  | Entered Level 4 of the Snake Pit
 39615 | Snake:4  | Noticed Vashnia
 39836 | Swamp:1  | Entered Level 1 of the Swamp
 40497 | Swamp:1  | Identified the +7 spear "Hiaj" {vorpal, Fragile rElec
                  | Dex+3}
 41645 | Swamp:2  | Reached skill level 10 in Armour
 43423 | Swamp:3  | Paralysed by a hornet for 1 turns
 43680 | Swamp:3  | Reached XP level 17. HP: 138/144 MP: 23/23
 44054 | Swamp:4  | Entered Level 4 of the Swamp
 46077 | Swamp:4  | Acquired 635 gold pieces
 46122 | Swamp:4  | Got a decaying rune of Zot
 46385 | Elf:1    | Entered Level 1 of the Elven Halls
 46450 | Elf:1    | Reached skill level 21 in Polearms
 46612 | Elf:1    | Paralysed by an air elemental for 1 turns
 46843 | Elf:1    | Got the Reference Book on Necromancy
 47195 | Elf:1    | Found Guuwker's Neck Hole.
 47428 | Elf:1    | Acquired a There-And-Back Book
 47972 | Elf:2    | Noticed a Brimstone Fiend
 48192 | Elf:2    | Found Omapuad's Antique Armour Emporium.
 48236 | Elf:2    | Found Zaig Foint's Armour Shop.
 48770 | Elf:2    | Found a runed translucent door.
 48854 | Elf:2    | Found a runed translucent door.
 48920 | Elf:2    | Bought a runed scarf for 304 gold pieces
 48950 | Elf:2    | Paralysed by an air elemental for 1 turns
 49625 | Elf:3    | Entered Level 3 of the Elven Halls
 50305 | Elf:3    | Noticed an Ice Fiend
 50327 | Elf:3    | Paralysed by an air elemental for 1 turns
 50648 | Elf:2    | Noticed a deep elf blademaster
 50673 | Elf:2    | Killed a deep elf blademaster
 50924 | Elf:3    | Reached XP level 18. HP: 117/145 MP: 24/24
 51117 | Elf:3    | Found Edaapour's Distillery.
 51514 | Elf:2    | HP: 8/228 [deep elf blademaster/+0 short sword (8)]
 51516 | Elf:2    | HP: 1/228 [deep elf blademaster/+0 short sword (8)]
 51517 | Elf:2    | Demolished by a deep elf blademaster

Illustrated notes

Levels and vault maps discovered:
D:1:      dpeg_arrival_stone_temple_mockup, layout_basic,
          chequers_ecumenical_altar_island, hangedman_decor_opposing,
          minmay_hedge_maze
D:2:      minmay_diamond_boxcup, layout_loops_corners, basic_altar,
          serial_bayou, serial_bayou_pond_d, serial_bayou_crossing,
          serial_bayou_pond_c, serial_bayou_lagoon_a
D:3:      layout_rooms, minmay_misc_feat_hallway, uniq_jessica, uniq_natasha
D:4:      layout_loops_ring, nicolae_overflow_squiral, gammafunk_ghost_smash
D:5:      layout_basic, uniq_sigmund
D:6:      layout_rooms, minmay_temple_entry_statues_pillars
D:7:      layout_cave_pools, corner_web_ring
D:8:      layout_loops_ring
D:9:      nicolae_cairo_tiling_large, layout_rooms, erik_lair_orcish_takeover,
          orc_0_dummy, uniq_erica
D:10:     minmay_evil_eye, layout_long_grid, serial_shops,
          nicolae_stop_n_shop_1, minmay_statue_bubble, uniq_maggie
D:11:     gammafunk_mikee_crab_dinner, layout_cave_pools, uniq_harold
D:12:     layout_rooms, small_statue_intersection,
          minmay_guarded_unrand_resistance, uniq_rupert
D:13:     minmay_the_grid_square_5x5_3x3
          [minmay_the_grid_square_5x5_doubleslash,
          minmay_the_grid_square_5x5_broken_cross,
          minmay_the_grid_square_5x5_hollow_slash,
          minmay_the_grid_square_5x5_beaten_path,
          minmay_the_grid_square_5x5_megaprize_checkered,
          minmay_the_grid_square_5x5_three_walls,
          minmay_the_grid_square_5x5_moneybag,
          minmay_the_grid_square_5x5_gyroscope,
          minmay_the_grid_square_5x5_seven], layout_basic, david_vaults_4,
          serial_bayou, serial_bayou_pond_b, serial_bayou_pond_b,
          serial_bayou_pond_e, serial_bayou_lake_a, serial_bayou_lagoon_b
D:14:     layout_roguey, pdpol_wu_jian_five_deadly_venoms, uniq_agnes,
          uniq_nessos
D:15:     gammafunk_depths_entry_grave, layout_grid_maze, serial_bayou_pond_d,
          hangedman_abyss_or_decor_clamps
Lair:1:   lemuel_ratsnest, layout_regular_city, portal_ice_cave_demonic_guard
Lair:2:   layout_roguey, uniq_sonja
Lair:3:   hellmonk_destroyed_diamonds, layout_regular_city, swamp_mist_pool,
          guppyfry_snake_entry_island, basic_altar, uniq_fannar, uniq_urug
Lair:4:   layout_hall_layers, grunt_megastairs_4
Lair:5:   layout_loops_ring
Lair:6:   hangedman_lair_in_review, layout_long_grid, slime_altar_1,
          nicolae_volcano_entry_vermiform, uniq_kirke
Swamp:1:  layout_basic_swamp, lemuel_altar_in_water
Swamp:2:  layout_basic_swamp, nicolae_swamp_godswood
Swamp:3:  layout_basic_swamp, serial_swamp_ruin, evilmike_swamp_ruin_house_4,
          evilmike_swamp_ruin_house_6, evilmike_swamp_ruin_house_3
Swamp:4:  swamp_fiery, layout_basic_swamp, swamp_pool4,
          infiniplex_staircase_pool
Snake:1:  layout_layer_cave, basic_altar, minmay_shop_star, grunt_megastairs_1
Snake:2:  layout_onion, nicolae_snake_herptile_family_reunion,
          grunt_megastairs_2, lemuel_fruit_tree
Snake:3:  layout_onion, serial_shops, nicolae_take_the_stairs
Snake:4:  grunt_snake_rune_pools, layout_misc_corridors, uniq_louise,
          uniq_vashnia
Orc:1:    layout_diamond_mine, basic_altar
Orc:2:    st_orc_town, layout_caves, basic_altar, mines2_david, uniq_azrael
Elf:1:    eino_elf_arrival_customs, layout_geoelf_diagonals,
          minmay_elf_necromancy, nicolae_shop_sticking_my_neck_out
Elf:2:    elven_hall_of_blades_hangedman_original
          [nicolae_blade_entry_splitting_headache], layout_gridlike,
          serial_shops, nicolae_shop_advertising_works
          [nicolae_subvault_shop_adworks], nicolae_shop_hallway_stairs
Elf:3:    elf_hall_gauntlet_narrow, layout_loops_corners, serial_shops,
          nicolae_lakefront_shop

Skill      XL: |  1  2  3  4  5  6  7  8  9 10 11 12 13 14 15 16 17 18 |
---------------+-------------------------------------------------------+-----
Polearms       | 2 3 4 5 6 8 11 12 13 15 17 18 19 20 21 | 21.7
Dodging        | 2 3 4 |  4.0
Stealth        | 1 2 |  2.0
Armour         | 2 4 5 7 8 10 11 | 11.0
Translocations | 3 5 6 7 8 9 10 12 | 12.5
Evocations     | 2 4 6 7 9 10 11 | 11.5
Fighting       | 4 5 6 7 8 10 11 12 | 12.5
Spellcasting   | 2 |  2.0
Throwing       | |  0.8

Action                   |  1- 3 |  4- 6 |  7- 9 | 10-12 | 13-15 | 16-18 || total
-------------------------+-------+-------+-------+-------+-------+-------++-------
Melee: Spear             |   157 |   141 |   461 |   724 |       |       ||  1483
       Dagger            |    14 |    48 |     1 |       |       |       ||    63
       Punch             |     1 |     2 |    12 |    16 |     1 |     2 ||    34
       Glaive            |       |       |       |   511 |   184 |       ||   695
       Bardiche          |       |       |       |     3 |  2056 |  1370 ||  3429
       Broad axe         |       |       |       |       |    19 |    72 ||    91
 Fire: Hunting sling     |    16 |       |       |    93 |    96 |   178 ||   383
       Shortbow          |       |       |    10 |       |       |       ||    10
Throw: Stone             |     5 |     5 |     8 |       |       |       ||    18
       Throwing net      |       |     1 |     1 |       |       |       ||     2
       Dart              |       |       |     6 |     8 |     7 |     4 ||    25
       Boomerang         |       |       |       |     7 |     4 |       ||    11
       Javelin           |       |       |       |       |     5 |    12 ||    17
 Cast: Blink             |     1 |     1 |     6 |    19 |    38 |    62 ||   127
       Teleport Other    |       |     1 |     7 |    14 |    10 |     7 ||    39
       Summon Small Mamm |       |     1 |       |       |       |       ||     1
       Apportation       |       |       |       |     8 |    22 |    54 ||    84
       Gell's Gravitas   |       |       |       |       |    24 |     1 ||    25
       Lesser Beckoning  |       |       |       |       |     7 |    16 ||    23
       Manifold Assault  |       |       |       |       |     7 |    18 ||    25
 Abil: Evoke Invisibilit |       |       |       |       |       |     2 ||     2
Evoke: Wand              |       |       |     4 |    11 |    18 |    11 ||    44
       Piece from Xom's  |       |       |       |    18 |    19 |    19 ||    56
       Lightning rod     |       |       |       |       |     4 |     2 ||     6
  Use: Scroll            |       |       |       |    15 |    17 |    12 ||    44
       Potion            |       |       |       |     4 |     1 |     2 ||     7
 Stab: Sleeping          |    11 |     3 |     3 |       |       |       ||    17
       Held in net/web   |       |     2 |       |       |       |       ||     2
       Paralysed         |       |       |       |     8 |     1 |       ||     9
       Confused          |       |       |       |     2 |       |       ||     2
       Petrified         |       |       |       |     1 |       |     6 ||     7
       Distracted        |       |       |       |       |     1 |       ||     1
       Petrifying        |       |       |       |       |       |     1 ||     1
       Invisible         |       |       |       |       |       |     2 ||     2
Armor: Leather armour    |     6 |       |       |       |       |       ||     6
       Robe              |    22 |    43 |    40 |       |       |       ||   105
       Plate armour      |       |       |    78 |  1060 |  1630 |  1192 ||  3960
Dodge: Dodged            |    64 |    78 |   125 |   473 |   937 |   545 ||  2222
       Repelled          |       |       |       |       |    19 |    37 ||    56

Table legend: (Time is in decaauts)
 A = Elapsed time spent in this place.
 B = Non-inter-level travel time spent in this place.
 C = Inter-level travel time spent in this place.
 D = Time resting spent in this place.
 E = Time spent auto-exploring this place.
 F = Levels seen in this place.
 G = Mean time per level.
                   A        B        C        D        E       F      G
               +--------+--------+--------+--------+--------+-----+--------+
         Total |  51200 |  47160 |   4040 |   8876 |  12967 |  38 | 1347.4 |
       Dungeon |  17251 |  15387 |   1864 |   2148 |   6621 |  15 | 1150.1 |
          Lair |   8190 |   7520 |    670 |   1343 |   2648 |   6 | 1365.0 |
         Swamp |   5759 |   5370 |    389 |   1111 |    775 |   4 | 1439.8 |
     Snake Pit |   8505 |   7936 |    569 |   2295 |   1244 |   4 | 2126.2 |
  Orcish Mines |   3955 |   3772 |    183 |   1114 |   1046 |   2 | 1977.5 |
   Elven Halls |   5060 |   4698 |    362 |    612 |    421 |   3 | 1686.7 |
         Abyss |    375 |    375 |      0 |     51 |      0 |   2 |  187.5 |
      Ice Cave |   1454 |   1454 |      0 |    175 |     51 |   1 | 1454.0 |
       Volcano |    647 |    647 |      0 |     25 |    160 |   1 |  647.0 |
               +--------+--------+--------+--------+--------+-----+--------+

Top non-repeatable levels by time:
 Snake:1: 4176 daAuts
 Snake:2: 3094 daAuts
  Lair:3: 2489 daAuts
    D:13: 2094 daAuts
   Elf:2: 2053 daAuts
   Orc:1: 2034 daAuts
    D:10: 1941 daAuts
   Orc:2: 1921 daAuts
    D:12: 1742 daAuts
 Swamp:4: 1701 daAuts
 Swamp:3: 1604 daAuts
     D:2: 1596 daAuts
   Elf:3: 1533 daAuts
     D:9: 1519 daAuts
     D:5: 1492 daAuts
